 Dungeon Sprint DCSS version 0.16.2-12-gd0ad4c3 (webtiles) character file.

39 musteatbrain the Slasher (level 3, -7/26 HPs)
             Began as a High Elf Fighter on Oct 16, 2015.
             Mangled by a slime creature (9 damage)
             ... in the Dungeon (Sprint V: "Ziggurat Sprint").
             The game lasted 00:04:10 (161 turns).

musteatbrain the Slasher (High Elf Fighter)          Turns: 161, Time: 00:04:11

Health: -7/26      AC: 26    Str: 15    XL:     3   Next: 28%
Magic:  5/5        EV: -1    Int: 12    God:
Gold:   0          SH:  0    Dex: 15    Spells: 0 memorised, 2 levels left

rFire  . . .     SeeInvis .     a - +0 long sword
rCold  . . .     Clarity  .     K - +15 Maxwell's patent armour {-Cast -Tele rElec MR+ rCorr} (curse)
rNeg   + . .     SustAb   .     L - +18 shield of the gong {rElec rN+ MR+ EV-5}
rPois  .         Gourm    .     (no helmet)
rElec  +         Spirit   .     (no cloak)
rCorr  +         Warding  .     (no gloves)
rMut   .         NoTele   +     (no boots)
MR     ++...     NoCast   +     (no amulet)
Stlth  ..........               (no ring)
                                (no ring)

@: confused, very resistant to hostile enchantments, extremely unstealthy
A: no striking features
a: no special abilities


You were in the Dungeon.
You were not hungry.

You visited 1 branch

Inventory:

Hand weapons
 a - a +0 long sword (weapon)
 M - the +7 Singing Sword
   (You found it in the Dungeon)
 N - the +0 Sword of Power
   (You found it in the Dungeon)
 O - the cursed +9 Sword of Zonguldrok {reap, Curse}
   (You found it in the Dungeon)

   If a monster killed with it leaves a corpse in good enough shape, the corpse
   will be animated as a zombie friendly to the killer.
   It may re-curse itself when equipped.
   It has a curse placed upon it.
 P - the +14 plutonium sword {Contam Stlth-}
   (You found it in the Dungeon)

   It causes magical contamination when unequipped.
   It makes you less stealthy.
 Q - the +7 longbow "Piercer" {penet, EV-2}
   (You found it in the Dungeon)

   Ammo fired by it will pass through the targets it hits, potentially hitting
   all targets in its path until it reaches maximum range.
   It affects your evasion (-2).
 S - a +5 longbow
Missiles
 R - 1000 arrows
Armour
 b - a +0 scale mail
 c - a +0 shield
 K - the cursed +15 Maxwell's patent armour (worn) {-Cast -Tele rElec MR+ rCorr}
   (You found it in the Dungeon)

   It insulates you from electricity.
   It affects your resistance to hostile enchantments.
   It prevents spellcasting.
   It prevents most forms of teleportation.
   It protects you from acid and corrosion.
   It has a curse placed upon it.
 L - the +18 shield of the gong (worn) {rElec rN+ MR+ EV-5}
   (You found it in the Dungeon)

   It affects your evasion (-5).
   It insulates you from electricity.
   It protects you from negative energy.
   It affects your resistance to hostile enchantments.
Jewellery
 E - a +6 ring of dexterity
 F - a +6 ring of dexterity
 G - a +6 ring of intelligence
 H - a +6 ring of intelligence
 I - a +6 ring of strength
 J - a +6 ring of strength
Magical devices
 y - a wand of disintegration (7)
 B - a wand of fire (5)
 C - a wand of cold (5)
 D - a wand of draining (5)
Scrolls
 k - 4 scrolls of blinking
 n - 4 scrolls of amnesia
 o - 3 scrolls of recharging
 p - 7 scrolls of fog
 q - a scroll of holy word
 r - 5 scrolls of identify
 s - 5 scrolls of remove curse
 t - 2 scrolls of fear
Potions
 e - 6 potions of might
 f - 10 potions of curing
 g - 10 potions of heal wounds
 h - 8 potions of haste
 i - 7 potions of magic
 j - 3 potions of berserk rage
 u - 2 potions of brilliance
 v - 2 potions of invisibility
 w - 2 potions of restore abilities
 x - 4 potions of resistance
 A - 5 potions of agility
Comestibles
 d - 5 bread rations
 l - 42 fruits
 m - 4 meat rations


   Skills:
 + Level 3.6 Fighting
 + Level 7.2 Long Blades
 + Level 3.3 Armour
 + Level 2.1 Dodging
 - Level 5.4 Shields


You had 2 spell levels left.
You didn't know any spells.

Dungeon Overview and Level Annotations

Branches:
Dungeon (1/1)

Altars:
Ashenzari
Cheibriados
Dithmenos
Elyvilon
Fedhas
Gozag
Kikubaaqudgha
Makhleb
Nemelex Xobeh
Okawaru
Qazlal
Ru
Sif Muna
Trog
Vehumet
Xom
Yredelemnul
Zin
The Shining One
Beogh
Jiyva
Lugonu


Message History

Your shield and Maxwell's patent armour prevent you from hitting the slime creature.
The golden eye turns its gaze towards you.
The golden eye blinks at you. You resist with almost no effort.
You block the ooze's attack.
PTOANNNG!
The slime creature hits you but does no damage.
The golden eye blinks!
You block the ooze's attack.
PANG!
The golden eye blinks at you. You resist with almost no effort.
Unknown command.
The golden eye blinks at you.
You are confused.
The slime creature hits you but does no damage.
The ooze hits you but does no damage.
You bump into the unnaturally hard rock wall.
The slime creature hits you but does no damage.
Your shield and Maxwell's patent armour prevent you from hitting the ooze.
The ooze hits you but does no damage. The slime creature hits you!
You die...

▓▓▓▓▓▓▓▓▓▓▓▓▓▓▓▓▓▓
▓.8©8.▓.8©8.▓.8©8.
▓.J[}.▓.[=5.▓.....
▓@J)..▓...5.▓.|...
▓G....▓.....▓.....
▓.....▓.....▓.....
▓.....▓.....▓.....
▓.....▓.....▓▓▓▓▓▓
▓▓▓▓▓▓▓▓▓▓▓▓▓


You could see a slime creature, an ooze and a golden eye.

Vanquished Creatures
  An iron imp (D)
  A bat skeleton (D)
  A bat zombie (D)
  An ooze (D)
4 creatures vanquished.

Notes
Turn   | Place    | Note
--------------------------------------------------------------
     0 | D        | musteatbrain, the High Elf Fighter, began the quest for the Orb.
     0 | D        | Reached XP level 1. HP: 16/16 MP: 2/2
     0 | D        | Found a basalt altar of Yredelemnul.
     0 | D        | Found an iron altar of Okawaru.
     2 | D        | Found a radiant altar of Vehumet.
     2 | D        | Found a shimmering altar of Xom.
     4 | D        | Found a burning altar of Makhleb.
     6 | D        | Found a corrupted altar of Lugonu.
     6 | D        | Found a white marble altar of Elyvilon.
     6 | D        | Found a deep blue altar of Sif Muna.
     7 | D        | Found a sparkling altar of Nemelex Xobeh.
     9 | D        | Found a viscous altar of Jiyva.
    15 | D        | Found a bloodstained altar of Trog.
    73 | D        | Reached skill level 6 in Long Blades
    73 | D        | Reached skill level 5 in Shields
    73 | D        | Reached XP level 2. HP: 21/21 MP: 3/3
    84 | D        | Entered arena 1.
    96 | D        | Entered arena 2.
    96 | D        | Noticed an iron imp
    96 | D        | Noticed a quasit
   117 | D        | Killed an iron imp
   117 | D        | Reached skill level 7 in Long Blades
   117 | D        | Reached skill level 1 in Dodging
   117 | D        | Reached XP level 3. HP: 18/26 MP: 5/5
   129 | D        | Entered arena 3.
   129 | D        | Noticed a slime creature
   129 | D        | Noticed a golden eye
   155 | D        | HP: 1/26 [slime creature (11)]
   161 | D        | Mangled by a slime creature

Action                   || total
-------------------------++-------
Melee: Long sword        ||    38
  Use: Potion            ||     1
